 Dungeon Crawl Stone Soup version 0.30.0-11-gf55b779eaf (webtiles) character file.

Game seed: 7354233115029836470

182 fridstol the Ruffian (level 5, -6/52 HPs)
             Began as a Troll Berserker on May 16, 2023.
             Was a Believer of Trog.
             Mangled by a water moccasin (8 damage)
             ... on level 3 of the Dungeon.
             The game lasted 00:33:29 (4070 turns).

fridstol the Ruffian (Troll Berserker)              Turns: 4070, Time: 00:33:29

Health: -6/52      AC:  4    Str: 22    XL:     5   Next: 34%
Magic:  4/4        EV: 10    Int:  9    God:    Trog [**....]
Gold:   163        SH:  5    Dex:  8    Spells: 4/4 levels left

rFire   . .          .
                       - Unarmed
rCold   . . .        (no shield)
rNeg    . . .        c - +0 robe
rPois   .            (helmet restricted)
rElec   +            (no cloak)
rCorr   .            (gloves unavailable)
SInv    .            (boots unavailable)
Will    .....        k - amulet of reflection
Stlth   +            (no ring)
HPRegen 1.08/turn    (no ring)
MPRegen 0.09/turn

%: reflection
@: lethally poisoned (-6 -> -15)
A: large, unfitting armour, claws 3, regeneration 1, shaggy fur 1, tough skin 1,
clever 1, sense surroundings 1, electricity resistance, weak 1, MP-powered wands
a: Renounce Religion, Berserk, Trog's Hand


You were on level 3 of the Dungeon.
You worshipped Trog.
Trog was pleased with you.
You visited 1 branch of the dungeon, and saw 5 of its levels.

You collected 163 gold pieces.

Inventory:

Hand Weapons
 e - a +0 sling
Missiles
 b - 21 stones (quivered)
Armour
 c - a +0 robe (worn)
 d - a +0 chain mail
Jewellery
 a - an amulet of regeneration
 k - an amulet of reflection (around neck)
Scrolls
 f - a scroll of teleportation
 h - a scroll of magic mapping
 j - a scroll of identify
 l - a scroll of noise
 m - a scroll of blinking {unknown}


   Skills:
 + Level 2.9 Fighting
 + Level 0.1 Ranged Weapons
 + Level 3.1 Dodging
 + Level 0.2 Stealth
 + Level 1.3 Shields
 + Level 4.7 Unarmed Combat


You had 4 spell levels left.
You didn't know any spells.
Your spell library contained the following spells:

 Spells                   Type           Power      Damage    Failure   Level
 Apportation              Tloc           0%         N/A       38%         1
 Necrotise                Necr           0%         1d4       38%         1
 Summon Small Mammal      Summ           0%         N/A       38%         1
 Call Canine Familiar     Summ           0%         N/A       77%         3
 Stone Arrow              Conj/Erth      0%         3d7       77%         3
 Summon Guardian Golem    Hex/Summ       0%         N/A       77%         3
 Tukima's Dance           Hex            0%         N/A       77%         3
 Animate Armour           Summ/Erth      0%         N/A       99%         4
 Passage of Golubria      Tloc           0%         N/A       99%         4
 Yara's Violent Unravell  Hex/Tmut       0%         3d3       100%        5
 Lehudib's Crystal Spear  Conj/Erth      0%         10d2      100%        8


Dungeon Overview and Level Annotations

Branches:
Dungeon (5/15)
 Temple: D:4-7

Altars:

Annotations:
D:3 1 transporter, olmar's ghost, amateur NaFi


Innate Abilities, Weirdness & Mutations

You are too large for most types of armour.
You have claws for hands.
Your natural rate of healing is unusually fast.
You are covered in fur. (AC +1)
You have tough skin. (AC +1)
Your mind is acute. (Int +4, Str/Dex -1)
You passively map a small area around you.
You are resistant to electric shocks. (rElec)
You are weak. (Str -2)
You expend magic power (3 MP) to strengthen your wands.


Message History

Olmar's ghost hits you but does no damage.
The water moccasin misses you.
You barely miss the water moccasin.
The water moccasin is almost dead.
You feel sick. The water moccasin bites you.
You are more poisoned.
The water moccasin poisons you! The hobgoblin hits you.
The frilled lizard hisses.
You block the frilled lizard's attack. Olmar's ghost hits you.
You closely miss the water moccasin.
The water moccasin is almost dead.
You feel very sick.
The water moccasin bites you but does no damage.
The hobgoblin closely misses you. The frilled lizard barely misses you.
Olmar's ghost hits you! The water moccasin barely misses you.
You scratch the water moccasin but do no damage.
The water moccasin is almost dead.
You feel very sick. The hobgoblin closely misses you.
The frilled lizard bites you but does no damage.
Olmar's ghost closely misses you. The water moccasin misses you.
You feel very sick. The water moccasin bites you.
* * * LOW HITPOINT WARNING * * *
The frilled lizard misses you. The hobgoblin attacks as you move away!
The hobgoblin misses you.
You feel sick. The frilled lizard closely misses you.
Olmar's ghost screams, "Don't try to defend!
You have no chance!"
The water moccasin bites you!
* * * LOW HITPOINT WARNING * * *
You are lethally poisoned!
The water moccasin poisons you!
There are no items here.
As you read the scroll labelled ZYMYADO GIEKHO, it crumbles to dust.
It is a scroll of identify.
l - a scroll of noise
* * * LOW HITPOINT WARNING * * *
You feel very sick. The water moccasin bites you!
You die...

#######....###........##.#
* ##...............##.##.#
#.......©.......###.##.#
,*
#...#########...###.##.#
#..##8.?[..8##...).#...#
#..#.........#..###.####
#..#..#...#..#..# ,#
#..#.#...g.#.#..# * * * ,
* #..#....WS@..#..## , ,
#..#.#...lg#.#...## *
#..#..#...#..#..#.#
#..#........©#...##
#..##8.....8##..##
#...#########...#
.#.......©.......# ,
.................#
.###........####.#


You could see a water moccasin, olmar's ghost, 2 hobgoblins and a frilled
lizard.

Vanquished Creatures
  A black bear (D:4)
  2 gnolls (D:4)
  An adder (D:2)
  4 dart slugs
  An orc (D:4)
  3 ball pythons (D:2)
  2 bats
  6 endoplasms
  3 goblins
  6 hobgoblins
  8 jackals
  5 kobolds
  2 frilled lizards
  6 rats
50 creatures vanquished.

Notes
Turn   | Place    | Note
-------+----------+-------------------------------------------
     0 | D:1      | fridstol the Troll Berserker began the quest for the Orb.
     0 | D:1      | Reached XP level 1. HP: 22/22 MP: 0/0
    19 | D:1      | Gained mutation: You passively map a small area around you.
                  | [potion of mutation]
    19 | D:1      | Gained mutation: You are resistant to electric shocks.
                  | (rElec) [potion of mutation]
    19 | D:1      | Gained mutation: You are weak. (Str -2) [potion of
                  | mutation]
    19 | D:1      | Gained mutation: You have hidden genetic potential. [potion
                  | of mutation]
   302 | D:1      | Reached XP level 2. HP: 29/29 MP: 1/1
   306 | D:1      | Gained mutation: You expend magic power (3 MP) to
                  | strengthen your wands. [hidden potential]
   477 | D:1      | Upgraded the game from 0.30.0-10-gfe55d96785 to
                  | 0.30.0-11-gf55b779eaf
  1417 | D:2      | Reached XP level 3. HP: 36/36 MP: 2/2
  1431 | D:2      | Reached ** piety under Trog
  2620 | D:2      | Reached skill level 4 in Unarmed Combat
  3395 | D:2      | You fall into a shaft and drop 2 floors!
  3502 | D:4      | Noticed a black bear
  3513 | D:5      | Entered Level 5 of the Dungeon
  3753 | D:4      | Reached XP level 4. HP: 41/44 MP: 3/3
  3796 | D:4      | Gained mutation: Your mind is acute. (Int +4, Str/Dex -1)
                  | [hidden potential]
  3796 | D:4      | Lost mutation: You have hidden genetic potential. [hidden
                  | potential expressed]
  3832 | D:4      | Killed a black bear
  3833 | D:4      | Reached skill level 1 in Shields
  3833 | D:4      | Reached XP level 5. HP: 49/52 MP: 4/4
  3888 | D:3      | Noticed a water moccasin
  3898 | D:3      | Noticed olmar's ghost (amateur NaFi)
  4005 | D:3      | Found a transporter.
  4012 | D:3      | Found a transporter.
  4070 | D:3      | HP: 2/52 [poisoned by a water moccasin]
  4070 | D:3      | Mangled by a water moccasin

Illustrated notes

Levels and vault maps discovered:
D:1:      dpeg_arrival_central, layout_rooms, nicolae_figureground_pulse
D:2:      layout_basic, minmay_misc_feat_enclosed, st_stairs_2
D:3:      minmay_angry_zag, layout_loops_ring, gammafunk_ghost_arena,
          hangedman_feature_mirror
D:4:      layout_basic
D:5:      layout_loops_ring, mainiacjoe_overflow_24_doors,
          minmay_temple_entry_gardened_gates, st_stairs_8,
          chequers_serial_rivers_small_a, minmay_misc_feat_secret_circle

Skill      XL: |  1  2  3  4 |
---------------+-------------+-----
Unarmed Combat | 4 |  4.7
Dodging        | 3 |  3.1
Shields        | 1 |  1.3
Fighting       | |  2.9
Ranged Weapons | |  0.1
Stealth        | |  0.2

Action                     |  1- 3 |  4- 6 || total
---------------------------+-------+-------++-------
  Melee: Unarmed           |   104 |    20 ||   124
         Punch             |     1 |     1 ||     2
   Fire: Sling             |     4 |       ||     4
    Use: Potion            |     5 |       ||     5
         Scroll            |     4 |     1 ||     5
 Armour: Animal skin       |    12 |       ||    12
         Robe              |    29 |    10 ||    39
  Dodge: Dodged            |    64 |    18 ||    82
  Block: Other             |    35 |     5 ||    40
         Reflection        |     4 |       ||     4
